 Dungeon Crawl Stone Soup version 0.31-a0-1603-gbec6b6ccbf (webtiles) character file.

Game seed: 960482193927776039

1256 pokeman the Thaumaturge (level 8, 0/44 HPs)
             Began as a Deep Elf Hedge Wizard on Jan 6, 2024.
             Slain by Edmund
             ... wielding a +4 dire flail of protection
              (15 damage)
             ... on level 5 of the Dungeon on Jan 7, 2024.
             The game lasted 00:11:46 (4583 turns).

pokeman the Thaumaturge (Deep Elf Hedge Wizard)     Turns: 4583, Time: 00:11:46

Health: 0/44       AC:  3    Str:  7    XL:     8   Next: 26%
Magic:  4/31       EV: 13    Int: 22    God:
Gold:   194        SH:  5    Dex: 14    Spells: 8/24 levels left

rFire   . . .        h - +2 dagger (venom)
rCold   . . .        (no shield)
rNeg    . . .        b - +0 robe
rPois   .            f - +0 helmet
rElec   .            (no cloak)
rCorr   .            (no gloves)
SInv    .            (no boots)
Will    .....        m - amulet of reflection
Stlth   ++           l - ring of wizardry
HPRegen 0.27/turn    q - ring of magical power
MPRegen 0.22/turn

%: reflection, wizardry (x1)
@: no status effects
A: no striking features
a: no special abilities


You were on level 5 of the Dungeon.
You visited 1 branch of the dungeon, and saw 5 of its levels.

You collected 194 gold pieces.

Inventory:

Hand Weapons
 h - a +2 dagger of venom (weapon)
Armour
 b - a +0 robe (worn)
 f - a +0 helmet (worn)
Jewellery
 l - a ring of wizardry (left hand)
 m - an amulet of reflection (around neck)
 o - the ring of Jaoladu {Fly rN+ Dex+5 Slay-2 Stlth+}
   (You found it on level 3 of the Dungeon)

   [ring of flight]

   Dex+5:     It affects your dexterity (+5).
   Slay-2:    It affects your accuracy & damage with ranged weapons and melee
   (-2).
   rN+:       It protects you from negative energy.
   Fly:       It grants you flight.
   Stlth+:    It makes you more stealthy.
 q - a ring of magical power (right hand)
 w - a ring of flight
Wands
 k - a wand of flame (12)
Scrolls
 a - a scroll of fog {unknown}
 c - 4 scrolls of teleportation
 e - 5 scrolls of identify {unknown}
 g - a scroll of revelation {unknown}
 i - a scroll of fear {unknown}
 j - a scroll of vulnerability {unknown}
 s - 2 scrolls of amnesia {unknown}
 u - a scroll of enchant armour {unknown}
Potions
 d - a potion of magic
 n - 2 potions of enlightenment {unknown}
 p - a potion of invisibility {unknown}
 r - a potion of resistance {unknown}
 t - a potion of curing {unknown}
 v - 2 potions of might {unknown}


   Skills:
 - Level 2.0 Fighting
 + Level 2.0 Armour
 - Level 3.0 Dodging
 - Level 3.0 Stealth
 * Level 8.8 Spellcasting
 + Level 6.0 Conjurations
 - Level 1.1 Summonings
 - Level 1.1 Translocations
 + Level 3.2 Fire Magic
 - Level 1.0 Air Magic
 - Level 1.0 Alchemy
 - Level 1.0 Evocations


You had 8 spell levels left.
You knew the following spells:

 Your Spells              Type           Power      Damage    Failure   Level
a - Magic Dart            Conj           100%       1d8       1%          1
b - Mephitic Cloud        Conj/Alch/Air  21%        N/A       2%          3
c - Call Imp              Summ           28%        N/A       2%          2
d - Blink                 Tloc           28%        N/A       2%          2
e - Ignite Poison         Fire/Alch      18%        N/A       12%         4
f - Iskenderun's Mystic   Conj/Tloc      25%        2d7       6%          4

Your spell library contained the following spells:

 Spells                   Type           Power      Damage    Failure   Level
 Summon Small Mammal      Summ           56%        N/A       1%          1
 Slow                     Hex            36%        N/A       2%          1
 Cigotuvi's Dreadful Rot  Necr/Alch/Air  24%        N/A       3%          2
 Call Canine Familiar     Summ           14%        N/A       5%          3
 Tukima's Dance           Hex            9%         N/A       9%          3
 Summon Blazeheart Golem  Fire/Summ      19%        N/A       12%         4
 Dimensional Bullseye     Hex/Tloc       6%         N/A       21%         4
 Freezing Cloud           Conj/Ice/Air   10%        6-21      28%         5


Dungeon Overview and Level Annotations

Branches:
Dungeon (5/15)
 Temple: D:4-7

Altars:
Okawaru
Ru

Shops:
D:1 *   D:2 (

Portals:
Abyss: D:3

Annotations:
D:3 2 transporters, THTSBRD's ghost, weakling DsGl
D:4 1 runed translucent door, bmb222's ghost, amateur DsFi
D:5 Edmund; Ijyb


Message History

Unknown command.
You hit the scorpion but do no damage.
The scorpion is poisoned.
The scorpion is moderately wounded.
Edmund is engulfed in noxious fumes.
Edmund appears confused.
Unknown command.
Casting: Mephitic Cloud (dangerous; 2% risk of failure)
Confirm with . or Enter, or press ? or * to list all spells.
Aiming: Mephitic Cloud (dangerous; 2% risk of failure)
Press: ? - help, Shift-Dir - straight line, f - Edmund
Aim: Edmund, wielding a +4 dire flail of protection and wearing a +4 ring mail of positive energy (confused, chance to affect: 81%)
The ball explodes into a vile cloud!
The stinking cloud engulfs Edmund.
The stinking cloud engulfs the scorpion.
The scorpion is heavily wounded.
You hear a shout! x2
The scorpion closely misses you.
The orc priest hits Ijyb with a +0 mace!
The orc priest barely misses itself.
Edmund is engulfed in noxious fumes.
Edmund appears confused.
Edmund barely misses the scorpion.
Edmund hits himself with a +4 dire flail of protection!
You hear a shout!
Unknown command.
Unknown command.
You hit the scorpion.
The scorpion looks even sicker.
The scorpion is severely wounded.
You kill the scorpion!
The orc closely misses you.
Your Armour skill increases to level 2!
Unknown command.
The orc closely misses you.
Edmund is engulfed in noxious fumes.
Edmund appears confused.
You hit Edmund.
Edmund is poisoned.
Edmund is moderately wounded.
The orc closely misses you.
Unknown command.
You hit Edmund.
Edmund looks as sick as possible!
Edmund is moderately wounded.
An orc comes into view. It is wielding a +0 flail.
The orc hits you from afar with a +0 trident.
Edmund hits you with a +4 dire flail of protection!
You die...

#..
###..###g.###.#
####..##.....O..##
# .........†o...##
#...g....#†..#
#..o.....o..#
##§o.?..@o...#
#§§o..##...o.#
#@†#########...
##.@## ...~
##.../## ....#
#.<....# ...#
#..####..... ....#
##..# #.##.. ..#
#. ## #. #


You could see Edmund (confused, extremely poisoned), Ijyb (confused), an orc
priest (confused) and 3 orcs.

Vanquished Creatures
  Sigmund (D:3)
  Eustachio (D:4)
  A steam dragon (D:4)
  A water moccasin (D:5)
  A black bear (D:4)
  An ogre (D:4)
  2 scorpions
  A hound (D:4)
  A bombardier beetle (D:4)
  A sleepcap (D:4)
  Jessica (D:2)
  An iguana (D:3)
  Natasha (thrice) (D:2)
  7 gnolls
  5 adders
  A dart slug (D:4)
  3 ribbon worms
  5 orcs
  9 endoplasms
  5 giant cockroaches
  4 goblins
  5 hobgoblins
  6 jackals
  9 kobolds
  3 quokkas (D:1)
  6 ball pythons
  4 bats
  5 frilled lizards
  2 rats
  A butterfly (D:1)
96 creatures vanquished.

Notes
Turn   | Place    | Note
-------+----------+-------------------------------------------
     0 | D:1      | pokeman the Deep Elf Hedge Wizard began the quest for the
                  | Orb.
     0 | D:1      | Reached XP level 1. HP: 10/10 MP: 7/7
   395 | D:1      | Reached XP level 2. HP: 15/15 MP: 7/9
  1041 | D:1      | Reached skill level 5 in Spellcasting
  1165 | D:1      | Upgraded the game from 0.31-a0-1591-g515db51633 to
                  | 0.31-a0-1603-gbec6b6ccbf
  1182 | D:1      | Found Byol's General Store.
  1219 | D:1      | Reached XP level 3. HP: 20/20 MP: 7/11
  1223 | D:1      | Learned a level 3 spell: Mephitic Cloud
  1226 | D:1      | Learned a level 2 spell: Call Imp
  1229 | D:1      | Learned a level 2 spell: Blink
  1457 | D:2      | Noticed Jessica
  1467 | D:2      | Killed Jessica
  1468 | D:2      | Reached skill level 1 in Fighting
  1468 | D:2      | Reached skill level 1 in Armour
  1592 | D:2      | Found Dini's Weapon Shoppe.
  1655 | D:2      | Reached XP level 4. HP: 25/25 MP: 7/13
  1750 | D:2      | Found an iron altar of Okawaru.
  1909 | D:2      | Noticed Natasha
  1919 | D:2      | Killed Natasha
  1966 | D:2      | Noticed Natasha
  1981 | D:2      | Killed Natasha
  2081 | D:2      | Noticed Natasha
  2088 | D:2      | Killed Natasha
  2089 | D:2      | Reached skill level 6 in Spellcasting
  2089 | D:2      | Reached XP level 5. HP: 21/29 MP: 10/15
  2325 | D:3      | Noticed Sigmund
  2393 | D:3      | Killed Sigmund
  2394 | D:3      | Reached XP level 6. HP: 34/34 MP: 15/17
  2537 | D:3      | Found a transporter.
  2565 | D:3      | Found a one-way gate to the infinite horrors of the Abyss.
  2565 | D:3      | Noticed THTSBRD's ghost (weakling DsGl)
  2569 | D:3      | Noticed a small abomination
  2671 | D:3      | Found a faded altar of an unknown god.
  2694 | D:3      | Identified the ring of Jaoladu {Fly rN+ Dex+5 Slay-2
                  | Stlth+}
  2912 | D:3      | Found a sacrificial altar of Ru.
  2978 | D:3      | Found a transporter.
  3236 | D:4      | Learned a level 4 spell: Iskenderun's Mystic Blast
  3248 | D:4      | Reached skill level 5 in Conjurations
  3248 | D:4      | Reached skill level 1 in Air Magic
  3279 | D:4      | Learned a level 4 spell: Ignite Poison
  3316 | D:4      | Noticed a steam dragon
  3317 | D:4      | Reached skill level 1 in Evocations
  3318 | D:4      | Reached skill level 1 in Alchemy
  3335 | D:4      | Killed a steam dragon
  3336 | D:4      | Reached skill level 1 in Fire Magic
  3336 | D:4      | Reached XP level 7. HP: 30/38 MP: 18/19
  3350 | D:4      | Reached skill level 7 in Spellcasting
  3853 | D:4      | Reached skill level 8 in Spellcasting
  4062 | D:4      | Found a runed translucent door.
  4062 | D:4      | Noticed bmb222's ghost (amateur DsFi)
  4232 | D:4      | Noticed Eustachio
  4247 | D:4      | Killed Eustachio
  4248 | D:4      | Reached XP level 8. HP: 27/44 MP: 22/22
  4455 | D:5      | Entered Level 5 of the Dungeon
  4515 | D:5      | Noticed Ijyb
  4573 | D:5      | Noticed Edmund
  4583 | D:5      | Slain by Edmund

Illustrated notes

Levels and vault maps discovered:
D:1:      spicycebolla_arrival_clurvy, layout_loops_corners, serial_shops, shop
D:2:      layout_loops_ring, serial_shops, nicolae_shop_behind_doors,
          basic_altar, chequers_garden, minmay_3d_cube, uniq_jessica,
          uniq_natasha
D:3:      layout_basic, general_overflow_altar, shapermc_ecumenical_altar_gd,
          gammafunk_ghost_abyssal_escape, uniq_sigmund
D:4:      cheibrodos_barr_body, layout_basic, serial_bayou, serial_bayou_pond_c,
          serial_bayou_pond_c, serial_bayou_ford_a, serial_bayou_pond_a,
          hellmonk_ghost_happy_afterlife, uniq_eustachio
D:5:      layout_layer_cave, nicolae_vehumet_radiance,
          cheibrodos_sewer_entry_sluice, corexii_leaking_fountain, uniq_ijyb,
          uniq_edmund

Skill      XL: |  1  2  3  4  5  6  7  8 |
---------------+-------------------------+-----
Spellcasting   | 5 6 8 |  8.8
Fighting       | 1 2 |  2.0
Armour         | 1 2 |  2.0
Conjurations   | 2 4 5 6 |  6.0
Stealth        | 3 |  3.0
Dodging        | 3 |  3.0
Air Magic      | 1 |  1.0
Evocations     | 1 |  1.0
Alchemy        | 1 |  1.0
Fire Magic     | 1 2 3 |  3.2
Summonings     | |  1.1
Translocations | |  1.1

Action                     |  1- 3 |  4- 6 |  7- 9 || total
---------------------------+-------+-------+-------++-------
  Melee: Dagger            |     5 |    46 |    55 ||   106
   Cast: Magic Dart        |    82 |    67 |    37 ||   186
         Mephitic Cloud    |     1 |     8 |    17 ||    26
         Blink             |     1 |       |     2 ||     3
         Ignite Poison     |       |       |     3 ||     3
   Stab: Sleeping          |     1 |       |       ||     1
         Confused          |       |     1 |     1 ||     2
 Armour: Robe              |    10 |    16 |    22 ||    48
  Dodge: Dodged            |    22 |    27 |    34 ||    83
  Block: Other             |       |     4 |     8 ||    12
         Reflection        |       |       |     1 ||     1

Table legend: (Time is in decaauts)
 A = Elapsed time spent in this place.
 B = Non-inter-level travel time spent in this place.
 C = Inter-level travel time spent in this place.
 D = Time resting spent in this place.
 E = Time spent auto-exploring this place.
 F = Levels seen in this place.
 G = Mean time per level.
                   A        B        C        D        E       F      G
               +--------+--------+--------+--------+--------+-----+--------+
         Total |   4597 |   4480 |    117 |     60 |   3694 |   5 |  919.4 |
       Dungeon |   4597 |   4480 |    117 |     60 |   3694 |   5 |  919.4 |
               +--------+--------+--------+--------+--------+-----+--------+

Top non-repeatable levels by time:
     D:1: 1434 daAuts
     D:4: 1244 daAuts
     D:2: 926 daAuts
     D:3: 864 daAuts
     D:5: 127 daAuts
